Mecha, neutral female human Monk ----------------- ---------................--------- -------..........................%.....------- ------............................................------ ----.........."..........>................................---- ---............................................................--- ---................................................................--- ---....................................................................--- |....................+.?.....................(.........................j.| |........................................................................| |........................................................................| -.......................................................?............- -.....?...............@q.........................................- ---.................%[.0.............?e......F.................--- ----..............%[[0 .................................---- ------............0. ..........................------ -------.......... ..................------- ---------.... ........--------- ----- --------- Mecha the Student of Stones Experience level: 10 Strength: 18/05 Dexterity: 18 Constitution: 14 Intelligence: 8 Wisdom: 11 Charisma: 9 Health: 0(79) Energy: 53(53) AC: -1 Gold: 0 Moves: 10112 Your Inventory: Amulets M - an [uncursed] square amulet [of ESP] Weapons s - 19 blessed [+2] throwing stars [shuriken] y - a blessed corroded [+2] throwing star [shuriken] (in quiver) W - a [blessed +2] crossbow [of fire & refl & detn] Armor a - an uncursed +2 pair of leather gloves (being worn) b - an uncursed +1 robe (being worn) k - an uncursed +0 Hawaiian shirt [of brilliance] (being worn) o - a blessed +1 pair of iron shoes (being worn) K - an uncursed +0 dwarvish iron helm (being worn) T - an [uncursed +0] dwarvish cloak Comestibles U - an [uncursed] banana Potions e - 3 uncursed potions of healing g - an [uncursed] potion of sleeping V - a [blessed] clear potion [of holy water] Wands E - an uncursed wand of striking [0:5] N - a [cursed] walnut wand [of digging (0:4)] Tools m - an uncursed bag called holding [of holding] O - a cursed magic lamp Q - an uncursed lock pick S - an [uncursed +0] unicorn horn Z - an uncursed towel Contents of the bag of holding: 2634 gold pieces a [cursed +0] dwarvish cloak an [uncursed +0] dwarvish cloak an [uncursed +0] ornamental cope [cloak of magic resistance] an uncursed food ration an uncursed lembas wafer an uncursed lizard corpse an [uncursed] tin of tengu meat a [cursed] scroll called 100 [of taming] an [uncursed] scroll called 150 [of genocide] an uncursed scroll called 50 [of food detection] an uncursed scroll called 50 [of remove curse] 2 [uncursed] scrolls called 50 [of teleportation] 2 uncursed scrolls called ID [of identify] 2 [uncursed] scrolls called earth [of earth] 2 uncursed scrolls called light [of light] an [uncursed] scroll labeled VERR YED HORRE [of magic mapping] an [uncursed] scroll of create monster a blessed black potion [of see invisible] a blessed potion called 100 [of speed] a blessed potion called 100 [of full healing] an uncursed potion called 100 [of enlightenment] an [uncursed] potion called 100 [of levitation] an uncursed potion called 50 [of hallucination] 2 [uncursed] potions called 50 [of restore ability] a cursed potion called 75 [of monster detection] 4 [uncursed] potions called 75 [of object detection] 2 [blessed] potions called 75 [of object detection] an uncursed potion called 75 (SMOKY) [of gain energy] 2 uncursed potions of oil an uncursed wand of enlightenment [0:12] an [uncursed] looking glass [mirror] an uncursed [+0] pick-axe an [uncursed] tinning kit [0:73] 2 [uncursed] blue gems [worthless glass] an [uncursed] red gem [worthless glass] an [uncursed] red gem [garnet] an [uncursed] violet gem [worthless glass] Spells known in the end: Name Level Category Fail Memory a - healing 1 healing 0% [|||||||.] b - wizard lock 2 matter 0% [|||||||.] Your skills at the end: Fighting Skills martial arts [Expert / Grand Master] Weapon Skills Spellcasting Skills healing spells [Basic / Expert] Final Attributes: You were piously aligned. Hunger level was 160. Your alignment was 60 / 60. Monster difficulty range was 2 - 11. Level difficulty was 12. You were immune to sleep. You were immune to poison. You saw invisible. You were telepathic. You were warned. You had automatic searching. You were stealthy. You were fast. Your luck was zero. You are dead. Vanquished creatures: a giant mimic 2 large mimics 11 small mimics 2 xans a dwarf king a tengu 3 stone giants a wraith 2 leather golems 2 chameleons a crocodile a giant beetle a cockatrice 2 wolves 2 lynxes a gremlin a leprechaun an iron piercer a giant spider a horse a black light a vampire bat an orc mummy a dwarf mummy 2 brown puddings a yeti a werewolf 2 lizards a chickatrice 2 dogs a housecat 2 jaguars a dwarf lord 2 blue jellies a black unicorn 2 ravens a plains centaur a snake 12 human zombies a fire ant 3 imps a quasit 2 wood nymphs 3 water nymphs 4 mountain nymphs 5 Mordor orcs a rock piercer 3 rock moles 2 ponies 3 fog clouds a yellow light 2 shriekers 10 gnome lords 2 gnomish wizards a kobold mummy a red naga hatchling 2 gray oozes 2 elf zombies 2 straw golems 2 paper golems 5 giant ants 5 floating eyes a kitten 12 dwarves a homunculus 2 rothes a centipede a giant bat an orc zombie a werejackal 6 iguanas 5 killer bees an acid blob 4 coyotes a gas spore 2 hobbits 3 hobgoblins 9 giant rats 3 cave spiders a brown mold 2 yellow molds 39 gnomes a garter snake a gnome zombie 6 geckos 2 jackals 3 foxes 3 kobolds 5 goblins 4 sewer rats a grid bug 5 lichens a kobold zombie 5 newts 270 creatures vanquished. Voluntary challenges: You pretended to be a vegetarian. You never hit with a wielded weapon. You read items or engraved 10 times. You put on armor 23 times. You never genocided any monsters. You never polymorphed an object. You never changed form. You used 1 wish. You did not wish for any artifacts. You wrote Elbereth's name 2 times. You encountered 1 bones level. You never used any Sokoban shortcuts. Dungeon overview: The Dungeons of Doom: levels 1 to 12 Level 1 some fountains a long staircase Level 2 an armor shop, an altar to Chih Sung-tzu, a fountain Level 3 a general store Level 4 stairs to The Gnomish Mines Level 5 a general store, a fountain Level 6 a jewelry store, an altar, a fountain Level 7 a fountain Level 8 many fountains Level 9 many fountains stairs to Sokoban Level 10 a general store, a fountain stairs to Town Level 11 a fountain, a sink Level 11 <- You were here The Gnomish Mines: levels 5 to 8 Level 5 stairs to The Dungeons of Doom Level 7 many shops, a temple, a magic chest, some fountains Sokoban: levels 7 to 8 Level 8 a magic chest stairs to The Dungeons of Doom Town: Level 9 stairs to The Dungeons of Doom History has recorded: On T:1 you entered the Dungeons of Doom to retrieve the Amulet of Yendor! On T:222 you advanced to experience level 2. On T:431 you reached level 2 of The Dungeons of Doom. On T:865 you advanced to experience level 3. On T:945 you advanced to experience level 4. On T:1001 you received a rustproof long sword of telepathy from Chih Sung-tzu. On T:1287 you reached level 3 of The Dungeons of Doom. On T:1409 you wished for "20 blessed +2 shuriken". On T:1481 you advanced to experience level 5. On T:1947 you advanced to experience level 6. On T:2122 you reached level 4 of The Dungeons of Doom. On T:2430 you reached level 1 of The Gnomish Mines. On T:2431 you advanced to experience level 7. On T:2608 you reached level 4 of The Gnomish Mines. On T:2680 you advanced to experience level 8. On T:2711 you reached level 3 of The Gnomish Mines. On T:2892 you reached level 2 of The Gnomish Mines. On T:4061 you advanced to experience level 9. On T:4251 you reached level 5 of The Dungeons of Doom. On T:4947 you reached level 6 of The Dungeons of Doom. On T:5392 you reached level 7 of The Dungeons of Doom. On T:5987 you reached level 8 of The Dungeons of Doom. On T:6300 you reached level 9 of The Dungeons of Doom. On T:6376 you reached level 3 of Sokoban. On T:6770 you reached level 2 of Sokoban. On T:7585 you advanced to experience level 10. On T:8049 you reached level 10 of The Dungeons of Doom. On T:8194 you reached level 3 of Town. On T:8920 you reached level 11 of The Dungeons of Doom. On T:9589 you reached level 12 of The Dungeons of Doom. Latest messages: T - a dwarvish cloak. U - a banana. V - a clear potion. W - a magical crossbow. [HP+1=54] The leocrotta hits! The leocrotta bites! The leocrotta just misses! [HP-10=44] You hit the leocrotta! The leocrotta hits! The leocrotta bites! The leocrotta misses. [HP-15=29] You hit the leocrotta! (2x) The leocrotta hits! The leocrotta misses. The leocrotta hits! (2x) The leocrotta bites! You die... Final status: Punardarsanaya Mecha the Monk... You died in The Dungeons of Doom on dungeon level 12 with 12523 points, and 2634 pieces of gold, after 10112 moves. You were level 10 with a maximum of 79 hit points when you died.